 Dungeon Crawl Stone Soup version 0.28.0-43-g3370ac3207 (webtiles) character file.

Game seed: 6715458145489805326

120 TheDeanity the Cudgeller (level 4, 0/45 HPs)
             Began as a Troll Monk on Mar 15, 2022.
             Killed by divine providence
             ... invoked by an orc priest
              (12 damage)
             ... on level 2 of the Dungeon.
             The game lasted 00:09:16 (2366 turns).

TheDeanity the Cudgeller (Troll Monk)               Turns: 2366, Time: 00:09:17

Health: 0/45       AC:  6    Str: 21    XL:     4   Next: 75%
Magic:  3/3        EV: 10    Int:  6    God:
Gold:   77         SH:  0    Dex: 12    Spells: 3/3 levels left

rFire   . . .      SeeInvis .   b - +3 short sword (speed)
rCold   . . .      Faith    .   (no shield)
rNeg    . . .      Spirit   .   e - +0 robe
rPois   .          Reflect  .   (helmet restricted)
rElec   .          Harm     .   k - +1 cloak
rCorr   .          Rampage  .   (gloves unavailable)
Will    .....                   (boots unavailable)
Stlth   ++........              (no amulet)
HPRegen 0.95/turn               (no ring)
MPRegen 0.08/turn               (no ring)

@: lethally poisoned (0 -> -5)
A: large, unfitting armour, claws 3, regeneration 1, shaggy fur 1, tough skin 1
a: no special abilities


You were on level 2 of the Dungeon.
You visited 1 branch of the dungeon, and saw 3 of its levels.

You collected 77 gold pieces.

Inventory:

Hand Weapons
 a - a +0 flail of protection
 b - a +3 short sword of speed (weapon)
 n - a +0 mace
Missiles
 j - 5 javelins (quivered)
Armour
 e - a +0 robe (worn)
 k - a +1 cloak (worn)
Scrolls
 d - a scroll of fog {unknown}
 f - 2 scrolls of identify {unknown}
 g - a scroll of silence {unknown}
 h - 3 scrolls of amnesia
 m - 2 scrolls of teleportation {unknown}
 o - a scroll of magic mapping {unknown}
 p - a scroll of holy word {unknown}
 q - a scroll of immolation {unknown}
 r - a scroll of enchant weapon {unknown}
Potions
 c - a potion of berserk rage {unknown}
 i - 2 potions of resistance {unknown}
 l - 3 potions of curing


   Skills:
 + Level 3.1 Fighting
 * Level 4.1 Maces & Flails
 + Level 1.3 Throwing
 - Level 2.4 Dodging
 - Level 1.0 Stealth


You had 3 spell levels left.
You didn't know any spells.
Your spell library contained the following spells:

 Spells                   Type           Power      Damage    Failure   Level
 Shock                    Conj/Air       0%         1d3       45%         1
 Gell's Gravitas          Tloc           0%         N/A       83%         3
 Lesser Beckoning         Tloc           0%         N/A       83%         3
 Summon Guardian Golem    Hex/Summ       0%         N/A       83%         3
 Swiftness                Air            0%         N/A       83%         3
 Teleport Other           Tloc           0%         N/A       83%         3
 Airstrike                Air            0%         N/A       99%         4
 Orb of Destruction       Conj           0%         9d5       100%        7
 Spellforged Servitor     Conj/Summ      0%         N/A       100%        7


Dungeon Overview and Level Annotations

Branches:
Dungeon (3/15)

Altars:

Annotations:
D:3 1 runed translucent door, Icepheonix32's ghost, amateur DsFi


Innate Abilities, Weirdness & Mutations

You are too large for most types of armour.
You have claws for hands.
Your natural rate of healing is unusually fast.
You are covered in fur. (AC +1)
You have tough skin. (AC +1)


Message History

Beogh smites you!
There is an open door here.
There is a stone staircase leading up here.
The orc hits you from afar with a +0 trident of venom.
You are poisoned.
There is a stone staircase leading up here.
You feel sick. The orc closely misses you.
You climb upwards.
You feel very sick.
There is a stone staircase leading down here.
You start resting.
You feel sick. x5
You are no longer poisoned.
You start resting.
HP restored.
You climb downwards.
Level annotation: 1 runed translucent door, Icepheonix32's ghost, amateur DsFi The orc hits you from afar with a +0 trident of venom.
You are poisoned.
There is a stone staircase leading up here.
You feel very sick.
The orc priest mumbles some strange prayers to Beogh against you.
Pain shoots through your body!
You feel sick.
The orc hits you with a +0 trident of venom.
You are more poisoned.
There is a stone staircase leading up here.
You feel very sick.
The orc priest calls upon Beogh to heal the orc.
The orc's wounds heal themselves!
The orc completely misses you.
You climb upwards.
You feel very sick.
There is a stone staircase leading down here.
You feel sick.
The orc priest miscasts a cantrip.
The orc hits you but does no damage.
You are more poisoned.
You feel very sick.
The orc priest invokes the aid of Beogh against you.
Beogh smites you!
You die...

###<....# ..#...#.#
############
......#.####..........#
..........##..........#
..#.....#.##..........#
...............oo.....#
......#.###.....>.....#
......#.# #...........#
.....÷#.###.....@.....#
.#..##....#...........#
....##....#.####.######
.......÷....####.##
.##..#.....###....#
.##.......## #....#
###.......# ##....#
###.......# #.....#
..........###.#.#.#


You could see an orc priest and an orc.

Vanquished Creatures
  Terence (D:2)
  An iguana (D:3)
  An adder (D:3)
  4 dart slugs
  An orc (D:3)
  3 endoplasms
  4 giant cockroaches
  10 hobgoblins
  3 jackals (D:2)
  2 quokkas (D:1)
  2 ball pythons
  7 bats
  6 frilled lizards
  4 kobolds
  3 rats
52 creatures vanquished.

Vanquished Creatures (others)
  2 withered plants (D:3)
2 creatures vanquished.

Grand Total: 54 creatures vanquished

Notes
Turn   | Place    | Note
-------+----------+-------------------------------------------
     0 | D:1      | TheDeanity the Troll Monk began the quest for the Orb.
     0 | D:1      | Reached XP level 1. HP: 22/22 MP: 0/0
   216 | D:1      | Reached skill level 3 in Maces & Flails
   262 | D:1      | Reached XP level 2. HP: 29/29 MP: 1/1
   882 | D:2      | Reached XP level 3. HP: 36/36 MP: 2/2
   885 | D:2      | Noticed Terence
  1036 | D:2      | Killed Terence
  1366 | D:3      | Reached skill level 4 in Maces & Flails
  1366 | D:3      | Reached skill level 1 in Throwing
  1366 | D:3      | Reached XP level 4. HP: 45/45 MP: 3/3
  1511 | D:3      | Found a runed translucent door.
  1511 | D:3      | Noticed Icepheonix32's ghost (amateur DsFi)
  2366 | D:2      | Killed from afar by an orc priest

Illustrated notes

Levels and vault maps discovered:
D:1:      onia_arrival_pyramid, layout_basic, serial_aquarium,
          aquarium_bridge_island_small [aquarium_subvault_small_open,
          aquarium_subvault_wall, aquarium_subvault_bridge,
          aquarium_subvault_window, aquarium_subvault_bridge],
          aquarium_bridge_straight [aquarium_subvault_bridge,
          aquarium_subvault_balcony, aquarium_subvault_bridge,
          aquarium_subvault_wall], aquarium_window_1,
          aquarium_window_corridor_1, aquarium_window_fake, aquarium_window_1,
          aquarium_view_4, aquarium_pool_2
D:2:      layout_rooms, minmay_octomino_j4, uniq_terence
D:3:      layout_loops_corners, gammafunk_ghost_grave

Skill      XL: |  1  2  3 |
---------------+----------+-----
Maces & Flails | 3 4 |  4.1
Fighting       | 3 |  3.1
Throwing       | 1 |  1.3
Dodging        | |  2.4
Stealth        | |  1.0

Action                   |  1- 3 |  4- 6 || total
-------------------------+-------+-------++-------
Melee: Mace              |    43 |       ||    43
       Whip              |    82 |       ||    82
       Punch             |     1 |       ||     1
       Short sword       |    20 |    63 ||    83
  Use: Scroll            |     1 |       ||     1
       Potion            |       |     1 ||     1
 Stab: Sleeping          |     4 |     4 ||     8
Armor: Robe              |    45 |    23 ||    68
Dodge: Dodged            |    65 |    33 ||    98
